 Dungeon Crawl Stone Soup version 0.30-a0-879-ga8ba668304 (webtiles) character file.

Game seed: 6230216673571403332

13580 cheesebisquit the Protected (level 11, 0/129 HPs)
             Began as an Armataur Fighter on Mar 13, 2023.
             Was a Priest of Cheibriados.
             Slain by a rust devil (10 damage)
             ... on level 11 of the Dungeon.
             The game lasted 00:43:59 (10660 turns).

cheesebisquit the Protected (Armataur Fighter)     Turns: 10660, Time: 00:43:59

Health: 0/129      AC: -74   Str: 34      XL:     11   Next: 77%
Magic:  17/17      EV:  1    Int: 17      God:    Cheibriados [***...]
Gold:   773        SH:  9    Dex: 16 (17) Spells: 10/10 levels left

rFire   . . .      SeeInvis .    (no weapon)
rCold   . . .      Faith    .    O - +2 buckler
rNeg    . . .      Spirit   .    H - melded +0 plate armour
rPois   +          Reflect  .    q - melded +0 helmet
rElec   .          Roll     +    J - melded +0 cloak
rCorr   .          NoTele   +    z - melded +2 pair of gloves
Will    .....                    d - melded +1 barding
Stlth   +++++                    M - amulet of regeneration
HPRegen 1.21/turn                w - +4 ring of protection
MPRegen 0.15/turn                t - ring of poison resistance

@: tree-form, corroded, very slow
A: stationary, stasis, torment immunity, boosted hp, large, rugged brown scales
3, (deformed body), (armoured tail), roll, long tongue, awkward tongue
a: Renounce Religion, Bend Time, Temporal Distortion


You were on level 11 of the Dungeon.
You worshipped Cheibriados.
Cheibriados was most pleased with you.
You were a tree.
You visited 2 branches of the dungeon, and saw 13 of its levels.
You also visited: Gauntlet.

You collected 773 gold pieces.

Inventory:

Hand Weapons
 h - a +0 war axe
 n - the +7 spear "Killer Bee's Doom" {heavy, Dex+4}
   (You found it on level 2 of the Dungeon)

   Dex:       It affects your dexterity (+4).
 p - a +7 hand axe of flaming
 r - a +2 flail of protection
 N - the +1 flail of Bizus {freeze, Str-3 Int+3}
   (You found it on level 11 of the Dungeon)

   Str:       It affects your strength (-3).
   Int:       It affects your intelligence (+3).
Missiles
 c - 6 silver javelins
 k - 28 poisoned darts (quivered)
 B - 2 curare-tipped darts
 E - 2 throwing nets
 G - a boomerang
Armour
 d - a +1 barding (melded)
 q - a +0 helmet (melded)
 z - a +2 pair of gloves (melded)
 H - a +0 plate armour (melded)
 J - a +0 cloak (melded)
 O - a +2 buckler (worn)
Jewellery
 f - a ring of protection from cold
 t - a ring of poison resistance (right branch)
 w - a +4 ring of protection (left branch)
 M - an amulet of regeneration (around neck)
Wands
 m - a wand of mindburst (5)
 I - a wand of flame (1)
Scrolls
 a - a scroll of magic mapping {unknown}
 b - 3 scrolls of torment
 g - a scroll of amnesia {unknown}
 i - a scroll of brand weapon {unknown}
 j - 2 scrolls of fog {unknown}
 l - a scroll of poison {unknown}
 s - 3 scrolls of vulnerability {unknown}
 u - 2 scrolls of fear
 A - 9 scrolls of teleportation
 D - a scroll of immolation {unknown}
 K - a scroll of enchant armour {unknown}
Potions
 o - 2 potions of brilliance
 v - 2 potions of attraction
 C - a potion of lignification
 F - a potion of flight {unknown}
 L - 3 potions of mutation


   Skills:
 - Level 2.6 Fighting
 - Level 1.7 Maces & Flails
 + Level 11.6 Armour
 + Level 11.1 Stealth
 + Level 10.8 Shields
 + Level 8.2 Invocations
 + Level 6.3 Evocations


You had 10 spell levels left.
You didn't know any spells.
Your spell library contained the following spells:

 Spells                   Type           Power      Damage    Failure   Level
 Ensorcelled Hibernation  Hex/Ice        0%         N/A       38%         2
 Scorch                   Fire           0%         2d5       38%         2
 Static Discharge         Conj/Air       0%         2-2/arc   38%         2
 Sublimation of Blood     Necr           0%         N/A       38%         2
 Call Canine Familiar     Summ           0%         N/A       63%         3
 Hailstorm                Conj/Ice       0%         3d3       63%         3
 Portal Projectile        Hex/Tloc       0%         N/A       63%         3
 Spider Form              Tmut/Pois      0%         N/A       63%         3
 Tukima's Dance           Hex            0%         N/A       63%         3
 Anguish                  Hex/Necr       0%         N/A       95%         4
 Animate Armour           Summ/Erth      0%         N/A       95%         4
 Flame Wave               Conj/Fire      0%         2d4       95%         4
 Ice Form                 Ice/Tmut       0%         N/A       95%         4
 Leda's Liquefaction      Hex/Erth       0%         N/A       95%         4
 Passage of Golubria      Tloc           0%         N/A       95%         4
 Blade Hands              Tmut           0%         N/A       100%        5
 Yara's Violent Unravell  Hex/Tmut       0%         3d3       100%        5
 Iron Shot                Conj/Erth      0%         9d1       100%        6
 Simulacrum               Ice/Necr       0%         N/A       100%        6
 Summon Cactus Giant      Summ           0%         N/A       100%        6
 Infestation              Necr           0%         N/A       100%        8


Dungeon Overview and Level Annotations

Branches:
Dungeon (12/15)            Temple (1/1) D:4            Lair (0/5) D:8
    Orc (0/2) D:11        Gauntlet (visited)

Altars:
Ashenzari
Cheibriados
Dithmenos
Elyvilon
Fedhas
Gozag
Hepliaklqana
Kikubaaqudgha
Makhleb
Nemelex Xobeh
Okawaru
Qazlal
Ru
Sif Muna
Trog
Uskayaw
Vehumet
Wu Jian
Xom
Yredelemnul
Zin
The Shining One

Annotations:
D:4 3 runed translucent doors, bande's ghost, amateur GrFi
D:6 3 runed translucent doors, Racksonjoss101's ghost, novice DEIE


Innate Abilities, Weirdness & Mutations

You are a tree.
Your roots penetrate the ground, keeping you stationary.
You cannot be teleported.
You are immune to unholy pain and torment.
Your maximum health is greatly increased.
Your equipment is partially melded.
(You are completely covered in rugged brown scales. (AC +3, +7% HP))
((Armour fits poorly on your strangely shaped body.))
((You have a long armoured tail.))
You roll when moving toward enemies. (Rampage)
Your long tongue fully drains potion bottles. (2x potion effects)
Your tongue gives you trouble enunciating. (1.5x scroll delay)


Message History

The rust devil hits you! The rust devil corrodes you! The rust devil hits you!
The rust devil corrodes you!
You slurp down every last drop of the sedimented grey potion!
It was a potion of lignification.
You turn into a tree.
Your +0 cloak melds into your body.
Your +0 helmet melds into your body.
Your +2 pair of gloves melds into your body.
Your +1 barding melds into your body.
Your +0 plate armour melds into your body.
Your roots penetrate the ground.
The rust devil hits you!
* * * LOW HITPOINT WARNING * * *
The rust devil corrodes you!
Your +7 hand axe of flaming stops flaming.
You are now empty-handed.
You hit the rust devil but do no damage.
The rust devil is moderately wounded.
The rust devil hits you!
* * * LOW HITPOINT WARNING * * *
The rust devil corrodes you!
You hit the rust devil but do no damage.
The rust devil is moderately wounded.
The rust devil hits you.
* * * LOW HITPOINT WARNING * * *
The rust devil corrodes you!
You hit the rust devil but do no damage.
The rust devil is moderately wounded.
You block the rust devil's attack.
You hit the rust devil but do no damage.
The rust devil is moderately wounded.
The rust devil hits you!
* * * LOW HITPOINT WARNING * * *
The rust devil corrodes you!
You hit the rust devil.
The rust devil is moderately wounded.
The rust devil hits you!
* * * LOW HITPOINT WARNING * * *
The rust devil corrodes you!
You hit the rust devil but do no damage.
The rust devil is moderately wounded.
The rust devil hits you!
You die...

)##........[#.........# #.# #
)##.........#.........####.### #
)...........#....8....#......# #
#####.......####...####..#.#.## #
### ###.........#..## ##.#....###
..# #...#.#...#...# #.###....#
..#####..##.....#.#.## #..##.##..
..#.....##....#...#..# ##..#.####
....###.......#.♣###.#####.#.....
..### ###.......4.............###
..########......>................
.)..................#..#.####>..#
..#################.........#...#
..# ###.....#..##.. ###
#####...).... ######... ##..


You could see a rust devil.

Vanquished Creatures
  3 two-headed ogres
  Nergalle (D:9)
  A soul eater (D:12)
  A sixfirhy (D:12)
  Maurice (D:9)
  Joseph (D:8)
  2 orange demons (D:12)
  A komodo dragon (D:10)
  An unseen horror (D:11)
  2 trolls
  2 red devils (D:12)
  2 hornets
  3 shadows (D:11)
  A vampire (D:12)
  2 wyverns (D:8)
  2 wraiths
  9 yaks
  3 steam dragons
  A water moccasin (D:8)
  An acid dragon (D:11)
  An orc warrior (D:9)
  2 ogres
  9 centaurs
  A phantom (D:11)
  4 kobold brigands
  A gnoll sergeant (D:8)
  4 bullfrogs
  3 troll zombies (D:11)
  15 killer bees
  3 howler monkeys (D:9)
  6 quasits (D:12)
  A jelly (D:7)
  A hound (D:5)
  6 orc priests
  A gnoll bouda (D:9)
  A sleepcap (D:5)
  5 orc wizards
  5 iguanas
  5 ogre zombies (D:11)
  8 gnolls
  10 adders
  A white imp (D:5)
  3 worms
  20 orcs
  6 endoplasms
  7 giant cockroaches
  4 goblins
  6 hobgoblins
  6 jackals
  5 quokkas
  3 ball pythons
  7 bats
  3 frilled lizards
  2 goblin zombies (D:11)
  3 hobgoblin skeletons (D:11)
  5 hobgoblin zombies (D:11)
  28 kobolds
  4 orc skeletons (D:11)
  11 orc zombies (D:11)
  A rat (D:1)
257 creatures vanquished.

Vanquished Creatures (others)
  Erolcha (D:9)
  A quokka (D:7)
  A demonic plant (Gauntlet)
  A fungus (D:3)
  3 plants (D:3)
7 creatures vanquished.

Grand Total: 264 creatures vanquished

Notes
Turn   | Place    | Note
-------+----------+-------------------------------------------
     0 | D:1      | cheesebisquit the Armataur Fighter began the quest for the
                  | Orb.
     0 | D:1      | Reached XP level 1. HP: 19/19 MP: 1/1
   140 | D:1      | Reached skill level 1 in Stealth
   282 | D:1      | Reached XP level 2. HP: 26/26 MP: 2/2
   890 | D:2      | Reached XP level 3. HP: 25/32 MP: 3/3
  1164 | D:2      | Identified the +7 spear "Killer Bee's Doom" {heavy, Dex+4}
  1387 | D:2      | Reached XP level 4. HP: 38/39 MP: 4/4
  1816 | D:3      | Found a faded altar of an unknown god.
  2564 | D:4      | Found a basalt altar of Yredelemnul.
  2671 | D:4      | Found a glowing golden altar of the Shining One.
  2752 | D:4      | Found a runed translucent gate.
  2752 | D:4      | Found a runed translucent gate.
  2752 | D:4      | Found a runed translucent gate.
  2752 | D:4      | Noticed bande's ghost (amateur GrFi)
  2752 | D:4      | Noticed a phantom
  2795 | D:4      | You fall into a shaft and drop 2 floors!
  2812 | D:5      | Entered Level 5 of the Dungeon
  2864 | D:4      | Reached XP level 5. HP: 44/44 MP: 5/5
  2893 | D:4      | Reached skill level 5 in Armour
  3207 | D:4      | Found a staircase to the Ecumenical Temple.
  3335 | Temple   | Entered the Ecumenical Temple
  3386 | Temple   | Became a worshipper of Cheibriados the Contemplative
  3623 | D:5      | Found a hazy altar of Hepliaklqana.
  3642 | D:5      | Found a burning altar of Makhleb.
  3669 | D:5      | Reached skill level 5 in Shields
  3725 | D:5      | Reached XP level 6. HP: 50/53 MP: 6/6
  4247 | D:5      | Reached XP level 7. HP: 48/59 MP: 7/7
  4439 | D:5      | Found a glowing silver altar of Zin.
  4449 | D:5      | Found an iron altar of Okawaru.
  4582 | D:5      | Found a radiant altar of Vehumet.
  4638 | D:6      | Found a runed translucent gate.
  4711 | D:6      | Reached * piety under Cheibriados
  4712 | D:6      | Reached skill level 5 in Stealth
  4769 | D:6      | Noticed a wraith
  4779 | D:6      | Killed a wraith
  4780 | D:6      | Reached skill level 1 in Invocations
  4861 | D:6      | Noticed Racksonjoss101's ghost (novice DEIE)
  4863 | D:6      | Found a runed translucent gate.
  4864 | D:6      | Found a runed translucent gate.
  4936 | D:6      | Noticed a steam dragon
  4942 | D:6      | Killed a steam dragon
  5182 | D:6      | Found a shadowy altar of Dithmenos.
  5720 | D:7      | Reached XP level 8. HP: 66/66 MP: 5/9
  5924 | D:7      | Found a white marble altar of Elyvilon.
  6004 | D:7      | Found a bloodstained altar of Trog.
  6004 | D:7      | Found a broken altar of Ashenzari.
  6570 | D:8      | Found an opulent altar of Gozag.
  6570 | D:8      | Found a sparkling altar of Nemelex Xobeh.
  6570 | D:8      | Noticed a two-headed ogre
  6578 | D:8      | Killed a two-headed ogre
  6579 | D:8      | Reached XP level 9. HP: 72/72 MP: 8/12
  6670 | D:8      | Got the Guidebook on Postmortem Weather
  6899 | D:8      | Reached skill level 5 in Invocations
  7006 | D:8      | Found a staircase to the Lair.
  7033 | D:8      | Reached ** piety under Cheibriados
  7037 | D:8      | Reached skill level 1 in Evocations
  7123 | D:8      | Found an ornate altar of the Wu Jian Council.
  7428 | D:9      | Noticed Joseph
  7616 | D:9      | Noticed Maurice
  7733 | D:9      | Noticed a two-headed ogre
  7739 | D:9      | Killed a two-headed ogre
  7740 | D:9      | Reached XP level 10. HP: 79/79 MP: 14/14
  7862 | D:8      | Killed Joseph
  8038 | D:9      | Reached *** piety under Cheibriados
  8220 | D:9      | Noticed Erolcha
  8230 | D:9      | Killed Erolcha
  8231 | D:9      | Reached skill level 10 in Armour
  8407 | D:9      | Killed Maurice
  8508 | D:9      | Found a sacrificial altar of Ru.
  8639 | D:10     | Entered Level 10 of the Dungeon
  8776 | D:10     | Noticed Nergalle
  8788 | D:9      | Killed Nergalle
  8987 | D:10     | Reached skill level 10 in Stealth
  8990 | D:10     | Reached XP level 11. HP: 68/86 MP: 16/16
  9225 | D:10     | Found a blossoming altar of Fedhas.
  9496 | D:11     | Identified the +1 flail of Bizus {freeze, Str-3 Int+3}
  9533 | D:11     | Found a staircase to the Orcish Mines.
  9546 | D:11     | Reached **** piety under Cheibriados
  9550 | D:11     | Reached skill level 10 in Shields
  9550 | D:11     | Reached skill level 5 in Evocations
 10008 | D:12     | Noticed a sixfirhy
 10040 | D:12     | Found a gate leading to a gauntlet.
 10043 | Gauntlet | Entered a Gauntlet
 10043 | Gauntlet | Found a transporter.
 10043 | Gauntlet | Found a runed translucent door.
 10043 | Gauntlet | Found a runed translucent door.
 10050 | Gauntlet | Found a transporter.
 10052 | Gauntlet | Found a transporter.
 10063 | Gauntlet | Found a transporter.
 10066 | Gauntlet | Found a transporter.
 10070 | Gauntlet | Noticed a wizard
 10071 | Gauntlet | Noticed a wizard
 10074 | Gauntlet | Found a transporter.
 10087 | Gauntlet | Found a transporter.
 10098 | Gauntlet | Noticed a glowing orange brain
 10098 | Gauntlet | Noticed a white ugly thing
 10100 | Gauntlet | Noticed a brown ugly thing
 10102 | Gauntlet | Found a transporter.
 10114 | Gauntlet | Found a transporter.
 10115 | Gauntlet | Noticed a shock serpent
 10116 | Gauntlet | a shock serpent changed into a death drake
 10116 | Gauntlet | Noticed a death drake (glowing shapeshifter)
 10116 | Gauntlet | a death drake changed into a swamp dragon
 10116 | Gauntlet | Noticed a swamp dragon (glowing shapeshifter)
 10117 | Gauntlet | a swamp dragon changed into a water nymph
 10119 | Gauntlet | a culicivora changed into a death drake
 10119 | Gauntlet | Noticed a death drake (shapeshifter)
 10120 | Gauntlet | a water nymph changed into a death drake
 10120 | Gauntlet | Noticed a death drake (glowing shapeshifter)
 10124 | Gauntlet | a death drake changed into a tarantella
 10126 | Gauntlet | a tarantella changed into an entropy weaver
 10126 | Gauntlet | Noticed an entropy weaver (glowing shapeshifter)
 10126 | Gauntlet | an entropy weaver changed into a salamander
 10128 | Gauntlet | Found a transporter.
 10139 | Gauntlet | a guardian serpent changed into a mana viper
 10139 | Gauntlet | Noticed a mana viper (glowing shapeshifter)
 10141 | Gauntlet | Found a transporter.
 10143 | Gauntlet | Found a transporter.
 10155 | Gauntlet | Noticed a fire crab
 10155 | Gauntlet | a fire crab changed into a manticore
 10155 | Gauntlet | a merfolk changed into an orb spider
 10155 | Gauntlet | Noticed an orb spider (shapeshifter)
 10162 | Gauntlet | a manticore changed into a two-headed ogre
 10162 | Gauntlet | Noticed a two-headed ogre (shapeshifter)
 10164 | Gauntlet | a moth of wrath changed into a lindwurm
 10164 | Gauntlet | Noticed a lindwurm (glowing shapeshifter)
 10168 | Gauntlet | a lindwurm changed into a dream sheep
 10169 | Gauntlet | a dream sheep changed into an orb spider
 10169 | Gauntlet | Noticed an orb spider (glowing shapeshifter)
 10169 | Gauntlet | an orb spider changed into a snapping turtle
 10170 | Gauntlet | an orb spider changed into a faun
 10176 | Gauntlet | a moth of wrath changed into a death drake
 10176 | Gauntlet | Noticed a death drake (glowing shapeshifter)
 10178 | Gauntlet | a death drake changed into a tarantella
 10181 | Gauntlet | Found a transporter.
 10183 | Gauntlet | Noticed a shining eye
 10186 | Gauntlet | a two-headed ogre changed into a wolf spider
 10186 | Gauntlet | Noticed a wolf spider (shapeshifter)
 10195 | Gauntlet | Found a transporter.
 10232 | Gauntlet | Noticed a fire dragon
 10239 | Gauntlet | Noticed a fire crab
 10239 | Gauntlet | a fire crab changed into a polar bear
 10254 | Gauntlet | a blink frog changed into an entropy weaver
 10254 | Gauntlet | Noticed an entropy weaver (glowing shapeshifter)
 10257 | Gauntlet | an entropy weaver changed into a culicivora
 10295 | Gauntlet | a cyclops changed into a glowing orange brain
 10295 | Gauntlet | Noticed a glowing orange brain (glowing shapeshifter)
 10296 | Gauntlet | a troll changed into a fire crab
 10296 | Gauntlet | Noticed a fire crab (shapeshifter)
 10299 | Gauntlet | a glowing orange brain changed into a torpor snail
 10310 | Gauntlet | a fire crab changed into a manticore
 10368 | D:12     | Killed a sixfirhy
 10525 | D:12     | Noticed a two-headed ogre
 10530 | D:12     | Killed a two-headed ogre
 10561 | D:12     | Noticed a soul eater
 10584 | D:12     | Killed a soul eater
 10660 | D:11     | Slain by a rust devil

Illustrated notes

Levels and vault maps discovered:
D:1:      amcnicky_arrival_choice, layout_loops_ring, eino_curves_04,
          chequers_avenue, minmay_pentomino_w4
D:2:      layout_basic, st_stairs_3
D:3:      layout_loops_ring, shapermc_ecumenical_altar_ellora
D:4:      layout_gridville, lemuel_tele_altar, amcnicky_altar_gilded,
          minmay_temple_entry_nine_rooms, gammafunk_ghost_split,
          minmay_strange_pillars
D:5:      minmay_skewed_foursquare, layout_basic,
          mainiacjoe_overflow_cross_hatched, nicolae_overflow_quartered_altars,
          gup_sewer_entry_bowl
D:6:      layout_loops_ring, mainiacjoe_overflow_alcove_1,
          biasface_ghost_orc_armoury
D:7:      layout_basic, elyvilon_altar_4, gammafunk_temple_overflow_elements
D:8:      layout_loops_corners, grunt_temple_overflow_opulence, kennysheep_mini,
          lair_entry_dummy
D:9:      layout_basic, nicolae_ru_path_of_blood, uniq_joseph, uniq_maurice,
          uniq_erolcha
D:10:     layout_roguey, fedhas_altar_1, uniq_nergalle
D:11:     layout_rooms, zombieorc2_lemuel
D:12:     layout_roguey, gauntlet_entry_generic, serial_demonic,
          serial_demonic_d, serial_demonic_a, serial_demonic_d,
          serial_demonic_a, serial_demonic_e
Temple:   nicolae_temple_ecumenical_triangle

Skill      XL: |  1  2  3  4  5  6  7  8  9 10 11 |
---------------+----------------------------------+-----
Stealth        | 1 2 3 4 5 7 8 10 11 | 11.1
Armour         | 4 5 6 7 8 9 10 11 | 11.6
Shields        | 4 5 6 7 8 9 10 | 10.8
Invocations    | 2 4 5 7 8 |  8.2
Evocations     | 2 4 6 |  6.3
Fighting       | |  2.6
Maces & Flails | |  1.7

Action                     |  1- 3 |  4- 6 |  7- 9 | 10-12 || total
---------------------------+-------+-------+-------+-------++-------
  Melee: Flail             |   103 |       |       |       ||   103
         Tailslap          |     8 |    13 |    28 |    63 ||   112
         Spear             |    11 |    30 |       |       ||    41
         Hand axe          |       |    82 |   198 |   304 ||   584
         Unarmed           |       |       |       |     6 ||     6
  Throw: Boomerang         |       |     6 |       |       ||     6
         Throwing net      |       |       |     1 |       ||     1
 Invoke: Bend Time         |       |       |     2 |     6 ||     8
         Slouch            |       |       |       |     4 ||     4
  Evoke: Wand              |       |       |     1 |       ||     1
    Use: Scroll            |       |     9 |     5 |     8 ||    22
         Potion            |       |     1 |     2 |     8 ||    11
 Armour: Chain mail        |    70 |    59 |   192 |    45 ||   366
         Scale mail        |     8 |       |       |       ||     8
         Plate armour      |       |       |       |   286 ||   286
  Dodge: Dodged            |    46 |    16 |    41 |    76 ||   179
  Block: Buckler           |    30 |    27 |    65 |   137 ||   259

Table legend: (Time is in decaauts)
 A = Elapsed time spent in this place.
 B = Non-inter-level travel time spent in this place.
 C = Inter-level travel time spent in this place.
 D = Time resting spent in this place.
 E = Time spent auto-exploring this place.
 F = Levels seen in this place.
 G = Mean time per level.
                   A        B        C        D        E       F      G
               +--------+--------+--------+--------+--------+-----+--------+
         Total |  13076 |  11709 |   1367 |    744 |   8727 |  14 |  934.0 |
       Dungeon |  12553 |  11192 |   1361 |    744 |   8327 |  12 | 1046.1 |
        Temple |     57 |     52 |      5 |      0 |     44 |   1 |   57.0 |
      Gauntlet |    465 |    465 |      0 |      0 |    355 |   1 |  465.0 |
               +--------+--------+--------+--------+--------+-----+--------+

Top non-repeatable levels by time:
     D:8: 2235 daAuts
     D:5: 1501 daAuts
     D:9: 1124 daAuts
     D:6: 1082 daAuts
    D:10: 1018 daAuts
     D:4: 949 daAuts
    D:11: 927 daAuts
     D:1: 876 daAuts
     D:3: 865 daAuts
     D:2: 824 daAuts
     D:7: 801 daAuts
Gauntlet: 465 daAuts
    D:12: 346 daAuts
  Temple: 57 daAuts
